 Dungeon Crawl Stone Soup version 0.29.1-1-gd02db6906a (webtiles) character file.

Game seed: 3931790728445502006

44 sentinel the Digger (level 4, -11/33 HPs)
             Began as a Meteoran Earth Elementalist on Sept 27, 2022.
             Mangled by an orc warrior
             ... wielding a +0 war axe
              (16 damage)
             ... on level 5 of the Dungeon.
             The game lasted 00:01:49 (318 turns).

sentinel the Digger (Meteoran Earth Elementalist)    Turns: 318, Time: 00:01:50

Health: -11/33     AC:  3    Str: 10    XL:     4   Next: 8%
Magic:  1/9        EV: 12    Int: 18    God:
Gold:   0          SH:  0    Dex: 14    Spells: 2/8 levels left

rFire   . . .      SeeInvis .   (no weapon)
rCold   . . .      Faith    .   (no shield)
rNeg    . . .      Spirit   .   a - +0 robe
rPois   .          Reflect  .   (no helmet)
rElec   .          Harm     .   (no cloak)
rCorr   .          Rampage  .   (no gloves)
Will    .....                   c - +0 pair of boots
Stlth   +.........              (no amulet)
HPRegen 0.11/turn               (no ring)
MPRegen 0.11/turn               (no ring)

@: glowing
A: sense surroundings 1, otherworldly, glowing, explore regen
a: no special abilities


You were on level 5 of the Dungeon.
You visited 1 branch of the dungeon, and saw 5 of its levels.

Inventory:

Armour
 a - a +0 robe (worn)
 c - a +0 pair of boots (worn)
Potions
 b - 2 potions of magic
 d - a potion of haste {unknown}
 e - 2 potions of curing {unknown}
 f - a potion of mutation {unknown}
 g - a potion of berserk rage {unknown}


   Skills:
 - Level 2.4 Dodging
 - Level 1.4 Stealth
 + Level 2.9 Spellcasting
 * Level 1.2 Conjurations
 - Level 1.2 Transmutations
 + Level 5.0 Earth Magic


You had 2 spell levels left.
You knew the following spells:

 Your Spells              Type           Power      Damage    Failure   Level
a - Sandblast             Erth           40%        2d10      1%          1
b - Stone Arrow           Conj/Erth      28%        3d8       14%         3
c - Passwall              Tmut/Erth      11%        N/A       7%          2

Your spell library contained the following spells:

 Spells                   Type           Power      Damage    Failure   Level
 Petrify                  Tmut/Erth      14%        N/A       41%         4
 Borgnjor's Revivificati  Necr           1%         N/A       100%        8
 Necromutation            Tmut/Necr      2%         N/A       100%        8
 Death's Door             Necr           1%         N/A       100%        9


Dungeon Overview and Level Annotations

Branches:
Dungeon (5/15) Zot: 2664
 Temple: D:4-7

Altars:
Sif Muna


Innate Abilities, Weirdness & Mutations

You passively map a small area around you.
You are easily found by Zot.
You glow in the dark.
You regain HP and MP as you explore.


Message History

A ball python comes into view.
The ball python hisses angrily.
You see here a green potion.
e - a green potion The blast of sand hits the ball python!
You kill the ball python!
You can't see any susceptible monsters within range! (Use Z to cast anyway.)
You can't see any susceptible monsters within range! (Use Z to cast anyway.)
A giant cockroach comes into view.
The blast of sand hits the giant cockroach.
The giant cockroach is almost dead.
The blast of sand misses the giant cockroach.
The giant cockroach misses you.
The blast of sand hits the giant cockroach!
You kill the giant cockroach!
Your Earth Magic skill increases to level 5!
You hear the slow rusting of a drain nearby.
A hobgoblin comes into view.
The hobgoblin shouts!
The blast of sand hits the hobgoblin!
You kill the hobgoblin!
You can't see any susceptible monsters within range! (Use Z to cast anyway.)
You can't see any susceptible monsters within range! (Use Z to cast anyway.)
Found 14 gold pieces.
Found a stone staircase leading up.
There is a stone staircase leading up here.
You climb upwards.
Found a robe and 5 gold pieces.
There is a stone staircase leading down here.
You climb downwards.
You hear the sound of rushing water.
There is an entrance to a sewer on this level.
Hurry and find it before the portal rusts away!
There is a stone staircase leading up here.
There is a stone staircase leading down here.
You aren't carrying any scrolls.
You climb downwards.
There is a stone staircase leading up here.
Found 15 gold pieces and a green potion.
Found a stone staircase leading down.
Found an orange potion.
Found a stone staircase leading up.
Found a robe.
e - 2 green potions (gained 1)
Found a Necronomicon.
f - an orange potion An adder comes into view.
Found 17 gold pieces.
The adder hisses angrily.
You see here a Necronomicon.
The blast of sand hits the adder!
You kill the adder!
Your Conjurations skill increases to level 1!
You can't see any susceptible monsters within range! (Use Z to cast anyway.)
You can't see any susceptible monsters within range! (Use Z to cast anyway.)
You can't see any susceptible monsters within range! (Use Z to cast anyway.)
You pick up a Necronomicon and begin reading...
You add the spells Borgnjor's Revivification, Necromutation and Death's Door to your library.
As you open the door, it creaks loudly!
There is an open door here.
Found a sedimented red potion.
Found a shimmering blue altar of Sif Muna.
There is a shimmering blue altar of Sif Muna here.
g - a sedimented red potion You open the door.
There is an open door here.
Found 17 gold pieces.
Found a stone staircase leading down.
An orc comes into view. It is wielding a +0 dagger.
An orc comes into view. It is wielding a +0 falchion.
The orc shouts!
The orc shouts!
You can't see any susceptible monsters within range! (Use Z to cast anyway.)
You can't see any susceptible monsters within range! (Use Z to cast anyway.)
An orc comes into view. It is wielding a +0 mace.
The orc shouts!
There is a stone staircase leading up here.
The blast of sand hits the orc!
You kill the orc!
The blast of sand hits the orc!
You kill the orc!
You have reached level 4!
The blast of sand hits the orc!
You kill the orc!
You can't see any susceptible monsters within range! (Use Z to cast anyway.)
You can't see any susceptible monsters within range! (Use Z to cast anyway.)
You climb upwards.
You hear the sound of rushing water.
There is an entrance to a sewer on this level.
Hurry and find it before the portal rusts away!
You hear the slow rusting of a drain nearby.
Found 9 gold pieces and 5 stones.
There is a stone staircase leading down here.
Found a ring mail, a potion of magic and a short bone wand.
Found a chain mail.
Found a ring mail.
b - 2 potions of magic (gained 1)
A - a wand of quicksilver (3)
There is a stone staircase leading down here.
You climb downwards.
There is a stone staircase leading up here.
Found a stone staircase leading down.
Found a peridot ring.
An orc warrior comes into view. It is wielding a +0 war axe.
The blast of sand hits the orc warrior.
The orc warrior is lightly wounded.
The orc warrior shouts!
Casting: Sandblast (safe; 1% risk of failure)
Confirm with . or Enter, or press ? or * to list all spells.
Aiming: Stone Arrow (quite dangerous; 14% risk of failure)
Press: ? - help, Shift-Dir - straight line, f/p - orc warrior
Aim: an orc warrior, wielding a +0 war axe and wearing a +0 chain mail (lightly wounded, 64% to hit)
The stone arrow misses the orc warrior.
Casting: Stone Arrow (quite dangerous; 14% risk of failure)
Confirm with . or Enter, or press ? or * to list all spells.
Aiming: Stone Arrow (quite dangerous; 14% risk of failure)
Press: ? - help, Shift-Dir - straight line, f/p - orc warrior
Aim: an orc warrior, wielding a +0 war axe and wearing a +0 chain mail (lightly wounded, 64% to hit)
The stone arrow misses the orc warrior.
The orc warrior completely misses you.
Aiming: Quicksilver Bolt
Press: ? - help, Shift-Dir - straight line, f/p - orc warrior
Aim: an orc warrior, wielding a +0 war axe and wearing a +0 chain mail (lightly wounded, 68% to hit)
The bolt of dispelling energy hits the orc warrior!
The orc warrior is heavily wounded.
The orc warrior misses you.
Aiming: Quicksilver Bolt
Press: ? - help, Shift-Dir - straight line, f/p - orc warrior
Aim: an orc warrior, wielding a +0 war axe and wearing a +0 chain mail (heavily wounded, 68% to hit)
The bolt of dispelling energy hits the orc warrior!
The orc warrior is severely wounded.
The orc warrior hits you with a +0 war axe!
The blast of sand hits the orc warrior but does no damage.
The orc warrior is severely wounded.
The orc warrior hits you with a +0 war axe!
* * * LOW HITPOINT WARNING * * *
Casting: Sandblast (safe; 1% risk of failure)
Confirm with . or Enter, or press ? or * to list all spells.
You don't have enough magic to cast this spell.
Aiming: Quicksilver Bolt
Press: ? - help, Shift-Dir - straight line, f/p - orc warrior
Aim: an orc warrior, wielding a +0 war axe and wearing a +0 chain mail (severely wounded, 68% to hit)
The bolt of dispelling energy misses the orc warrior.
The now-empty wand crumbles to dust.
The orc warrior barely misses you.
You aren't carrying any items that you can evoke.
Unknown command.
Casting: Sandblast (safe; 1% risk of failure)
Confirm with . or Enter, or press ? or * to list all spells.
Aiming: Sandblast (safe; 1% risk of failure)
Press: ? - help, Shift-Dir - straight line, f/p - orc warrior
Aim: an orc warrior, wielding a +0 war axe and wearing a +0 chain mail (severely wounded, 81% to hit)
The blast of sand hits the orc warrior.
The orc warrior is almost dead.
The orc warrior barely misses you.
The orc warrior hits you with a +0 war axe!
You die...

#.##...#.# ,*
#....^.#.### ##
####.......# .. *
##.......# * #. *
#.).<....#* *
,#..####
##.##.#.#..#
#....###..##...##.#
#<.....##)o.##..##*
####.#....@.......
, #.####.$#####.# ,
...*#...# * , ,
##..##.#.# , * *
,..>##.#.#* * ,, ,,
,, .......>., , , *
,** ###...=.# * * ,
**, #.# ... ,* , *


You could see an orc warrior.

Vanquished Creatures
  2 adders
  3 orcs (D:5)
  2 ball pythons
  A bat (D:2)
  2 endoplasms (D:1)
  2 giant cockroaches
  4 goblins
  2 hobgoblins
  A frilled lizard (D:1)
  A kobold (D:1)
  A rat (D:1)
21 creatures vanquished.

Notes
Turn   | Place    | Note
-------+----------+-------------------------------------------
     0 | D:1      | sentinel the Meteoran Earth Elementalist began the quest
                  | for the Orb.
     0 | D:1      | Reached XP level 1. HP: 14/14 MP: 5/5
    78 | D:1      | Reached skill level 4 in Earth Magic
    78 | D:1      | Reached XP level 2. HP: 20/20 MP: 4/6
   159 | D:4      | Reached XP level 3. HP: 26/26 MP: 4/8
   162 | D:4      | Learned a level 2 spell: Passwall
   166 | D:4      | Learned a level 3 spell: Stone Arrow
   200 | D:4      | Reached skill level 5 in Earth Magic
   228 | D:5      | Entered Level 5 of the Dungeon
   247 | D:5      | Reached skill level 1 in Conjurations
   252 | D:5      | Found a shimmering blue altar of Sif Muna.
   277 | D:5      | Reached XP level 4. HP: 33/33 MP: 7/9
   309 | D:5      | Noticed an orc warrior
   318 | D:5      | Mangled by an orc warrior

Illustrated notes

Levels and vault maps discovered:
D:1:      dpeg_chamrin_arrival_tetris, layout_basic,
          ebering_ecumenical_altar_webs
D:2:      layout_rooms, small_statue_intersection, minmay_vboxes
D:3:      cheibrodos_thug_alley, layout_rooms, fedhas_altar_3,
          minmay_misc_feat_pillars, uniq_grinder
D:4:      layout_cave_pools, mainiacjoe_overflow_24_doors,
          gup_sewer_entry_spiral, minmay_liquid_box
D:5:      layout_rooms, mainiacjoe_overflow_six_doors_small,
          mainiacjoe_overflow_big_doors, uniq_duvessa

Skill      XL: |  1  2  3 |
---------------+----------+-----
Earth Magic    | 4 5 |  5.0
Conjurations   | 1 |  1.2
Dodging        | |  2.4
Stealth        | |  1.4
Spellcasting   | |  2.9
Transmutations | |  1.2

Action                   |  1- 3 |  4- 6 || total
-------------------------+-------+-------++-------
Melee: Unarmed           |     1 |       ||     1
 Cast: Sandblast         |    31 |     4 ||    35
       Stone Arrow       |       |     2 ||     2
Evoke: Wand              |       |     3 ||     3
Armor: Robe              |     5 |       ||     5
Dodge: Dodged            |     4 |     4 ||     8
